 Dungeon Crawl Stone Soup version 0.31-a0-1-g4198be8af4 (webtiles) character file.

Game seed: 17970968129789278082

210 Mickster the Trooper (level 5, 0/48 HPs)
             Began as a Hill Orc Berserker on May 2, 2023.
             Was a Follower of Trog.
             Succumbed to a goblin's poison
             ... on level 2 of the Dungeon.
             The game lasted 00:10:13 (1315 turns).

Mickster the Trooper (Hill Orc Berserker)           Turns: 1315, Time: 00:10:13

Health: 0/48       AC:  4    Str: 22    XL:     5   Next: 88%
Magic:  5/5        EV: 12    Int:  7    God:    Trog [*.....]
Gold:   10         SH:  0    Dex: 10    Spells: 4/4 levels left

rFire   . . .        f - +1 whip (venom)
rCold   . . .        (no shield)
rNeg    . . .        b - +0 animal skin
rPois   .            (no helmet)
rElec   .            (no cloak)
rCorr   .            (no gloves)
SInv    .            c - +1 pair of boots
Will    .....        (no amulet)
Stlth   +            (no ring)
HPRegen 0.28/turn    (no ring)
MPRegen 0.09/turn

%: no passive effects
@: lethally poisoned (0 -> -19), on berserk cooldown, slowed, very slow
A: no striking features
a: Renounce Religion, Berserk


You were on level 2 of the Dungeon.
You worshipped Trog.
Trog was aware of your devotion.
You visited 1 branch of the dungeon, and saw 2 of its levels.

You collected 10 gold pieces.

Inventory:

Hand Weapons
 a - a +0 hand axe
 f - a +1 whip of venom (weapon)
 g - a +0 short sword of venom
Missiles
 h - 15 stones (quivered)
Armour
 b - a +0 animal skin (worn)
 c - a +1 pair of boots (worn)
Scrolls
 i - a scroll of teleportation {unknown}
Potions
 d - a potion of curing {unknown}


   Skills:
 + Level 5.0 Fighting
 - Level 4.4(5.2) Axes
 * Level 3.5(4.2) Maces & Flails
 + Level 2.4 Armour
 + Level 2.5 Dodging
 + Level 0.7 Stealth


You had 4 spell levels left.
You didn't know any spells.
Your spell library was empty.

Dungeon Overview and Level Annotations

Branches:
Dungeon (2/15)

Altars:

Annotations:
D:2 Robin


Message History

Robin throws the goblin at you!
The goblin hits you with a +2 dagger of venom.
You are poisoned.
The goblin closely misses you. Robin hits you with a +0 short sword.
The goblin hits you with a +0 dagger. The goblin barely misses you.
The goblin hits you with a +0 dagger.
You barely miss Robin.
Your skin stops crawling.
You feel less strong-willed.
You feel very sick. The goblin barely misses you.
Robin throws the goblin at you!
An endoplasm comes into view.
The goblin barely misses you. The goblin hits you but does no damage.
The goblin misses you. The dart slug barely misses you.
You hit Robin.
Robin looks as sick as possible!
Robin is moderately wounded.
You feel sick. The goblin hits you with a +0 dagger.
The goblin hits you with a +2 dagger of venom.
The goblin hits you with a +0 club. The goblin hits you with a +0 dagger.
The dart slug closely misses you. The goblin hits you but does no damage.
The goblin misses you.
The goblin hits you with a +2 dagger of venom.
You are more poisoned.
The goblin closely misses you. The goblin hits you with a +0 club.
You closely miss the hobgoblin.
You feel very sick. The hobgoblin hits you.
* * * LOW HITPOINT WARNING * * *
The goblin barely misses you. The dart slug misses you.
The goblin hits you with a +2 dagger of venom.
* * * LOW HITPOINT WARNING * * *
You are lethally poisoned!
The goblin hits you with a +0 dagger.
* * * LOW HITPOINT WARNING * * *
The goblin hits you with a +0 dagger.
* * * LOW HITPOINT WARNING * * *
The goblin barely misses you.
As you read the scroll labelled XUWNISMYKK, it crumbles to dust.
It is a scroll of enchant armour.
Your +0 pair of boots glows green for a moment.
You die...

#.................#......
######...................
##.....####........#
##...## #....<.... #
#...# ##.....#.# .. #...#
#.....##.
.###.###)..########.#.###
......)wgg........#.#>#..
...(J..g@g............~.≈
.....[.ggg........#.#..≈~
.##..#.#...#.#######.~≈≈≈
....#.#...#.# #.#~~~ .##.
#.#...#.# #.#≈≈≈ #
#.#...#.# #.#≈≈≈
#.#...... #.#≈≈≈ ......#
#.##≈≈ ##≈


You could see Robin (extremely poisoned), a dart slug, an endoplasm, a hobgoblin
(strong) and 5 goblins.

Vanquished Creatures
  Sigmund (D:2)
  A worm (D:2)
  3 dart slugs
  A ball python (D:2)
  4 endoplasms (D:2)
  2 giant cockroaches (D:1)
  5 goblins
  4 hobgoblins (D:2)
  6 jackals
  A quokka (D:2)
  3 bats
  3 frilled lizards
  3 kobolds
  2 rats
39 creatures vanquished.

Notes
Turn   | Place    | Note
-------+----------+-------------------------------------------
     0 | D:1      | Mickster the Hill Orc Berserker began the quest for the
                  | Orb.
     0 | D:1      | Reached XP level 1. HP: 19/19 MP: 1/1
   231 | D:1      | Reached XP level 2. HP: 25/27 MP: 2/2
   326 | D:1      | Reached skill level 4 in Fighting
   736 | D:2      | Reached XP level 3. HP: 21/34 MP: 3/3
   943 | D:2      | Reached ** piety under Trog
   980 | D:2      | Reached skill level 1 in Maces & Flails
  1207 | D:2      | Noticed Sigmund
  1223 | D:2      | Killed Sigmund
  1224 | D:2      | Reached skill level 5 in Fighting
  1224 | D:2      | Reached XP level 4. HP: 33/42 MP: 4/4
  1224 | D:2      | Reached XP level 5. HP: 38/48 MP: 5/5
  1295 | D:2      | Noticed Robin
  1315 | D:2      | Succumbed to a goblin's poison

Illustrated notes

Levels and vault maps discovered:
D:1:      wheals_arrival_linesprint, layout_rooms
D:2:      layout_loops_cross, chequers_serial_rivers_large_a,
          kennysheep_generic_room_2, uniq_robin, uniq_sigmund

Skill      XL: |  1  2  3 |
---------------+----------+-----
Fighting       | 4 5 |  5.0
Maces & Flails | 3 |  3.5
Dodging        | 2 |  2.5
Axes           | |  4.4
Armour         | |  2.4
Stealth        | |  0.7

Action                     |  1- 3 |  4- 6 || total
---------------------------+-------+-------++-------
  Melee: Hand axe          |    34 |       ||    34
         Whip              |    66 |    10 ||    76
 Invoke: Berserk           |     2 |     1 ||     3
         Trog's Hand       |     1 |     1 ||     2
    Use: Scroll            |     2 |     1 ||     3
 Armour: Animal skin       |    31 |     5 ||    36
  Dodge: Dodged            |    93 |    19 ||   112

Table legend: (Time is in decaauts)
 A = Elapsed time spent in this place.
 B = Non-inter-level travel time spent in this place.
 C = Inter-level travel time spent in this place.
 D = Time resting spent in this place.
 E = Time spent auto-exploring this place.
 F = Levels seen in this place.
 G = Mean time per level.
                   A        B        C        D        E       F      G
               +--------+--------+--------+--------+--------+-----+--------+
         Total |   1353 |   1215 |    138 |    142 |      0 |   2 |  676.5 |
       Dungeon |   1353 |   1215 |    138 |    142 |      0 |   2 |  676.5 |
               +--------+--------+--------+--------+--------+-----+--------+

Top non-repeatable levels by time:
     D:1: 695 daAuts
     D:2: 657 daAuts
